 Dungeon Crawl Stone Soup version 0.21-a0-207-g4a9efaf (webtiles) character file.

74 Jeffwins the Slasher (level 4, -4/31 HPs)
             Began as an Octopode Fighter on Aug 20, 2017.
             Killed from afar by Natasha (9 damage)
             ... with a wand of flame (?/48)
             ... on level 2 of the Dungeon.
             The game lasted 00:00:54 (990 turns).

Jeffwins the Slasher (Octopode Fighter)              Turns: 990, Time: 00:00:54

Health: -4/31      AC:  1    Str: 15    XL:     4   Next: 30%
Magic:  4/4        EV: 11    Int: 10    God:
Gold:   41         SH:  8    Dex: 12    Spells: 3/3 levels left

rFire    . . .     SeeInvis .   a - +0 long sword
rCold    . . .     Gourm    .   b - +0 shield
rNeg     . . .     Faith    .   (helmet restricted)
rPois    .         Spirit   .   (no amulet)
rElec    .         Reflect  .   (no ring)
rCorr    .         Harm     .   (no ring)
MR       .....                  (no ring)
Stlth    ++........             (no ring)
HPRegen  0.10/turn              (no ring)
MPRegen  0.09/turn              (no ring)
                                (no ring)
                                (no ring)

@: no status effects
A: almost no armour, stealthy swim, amphibious, 8 rings, constrict 8, camouflage
1, gelatinous body 1
a: no special abilities


You were on level 2 of the Dungeon.
You were not hungry.

You visited 1 branch of the dungeon, and saw 2 of its levels.

You collected 41 gold pieces.

Inventory:

Hand Weapons
 a - a +0 long sword (weapon)
Armour
 b - a +0 shield (worn)
Scrolls
 e - a scroll of noise {unknown}
 i - a scroll of magic mapping {unknown}
Potions
 c - a potion of might
 f - a potion of brilliance {unknown}
 g - a potion of lignification {unknown}
 j - a potion of ambrosia {unknown}
Comestibles
 d - a bread ration
 h - a royal jelly


   Skills:
 - Level 3.0 Fighting
 + Level 4.4 Long Blades
 - Level 3.0 Dodging
 - Level 3.0 Shields


You had 3 spell levels left.
You didn't know any spells.

Dungeon Overview and Level Annotations

Branches:
Dungeon (2/15)

Altars:

Annotations:
D:2 Natasha


Innate Abilities, Weirdness & Mutations

You cannot wear most types of armour.
You are very stealthy in the water. (Stealth+)
You are amphibious.
You can wear up to eight rings at the same time.
You can use your tentacles to constrict eight enemies at once.
Your skin changes colour to match your surroundings (Stealth+).
Your rubbery body absorbs attacks. (AC +1, EV +1)


Message History

You resist with significant effort.
You hit Natasha. You squeeze Natasha.
Natasha is severely wounded.
You constrict Natasha.
You kill Natasha!
Natasha growls in agony!
The shadow imp disappears in a puff of smoke! x2
You have reached level 4!
You start resting.
Natasha, Servant of Life and Death comes into view.
You see here a frilled lizard corpse.
Natasha hisses angrily.
Natasha zaps a wand.
The puff of flame hits you!
It is a wand of flame (?/48).
You are too injured to fight recklessly!
You are too injured to fight recklessly!
You are too injured to fight recklessly!
You barely miss Natasha. Your grab misses Natasha. Natasha claws you!
* * * LOW HITPOINT WARNING * * *
Natasha zaps a wand.
The puff of flame hits you!
You die...

#.########
....... #..h#
#.#@# #.#.#####
+ #<.†#...#
#..#...#.#.#
#........#.####
#>........†...#
###......#....#
#.##........#
#. #...........


You could see Natasha.

Vanquished Creatures
  Natasha (twice) (D:2)
  An ooze (D:1)
  A dart slug (D:1)
  5 bats
  2 giant cockroaches (D:1)
  3 goblins (D:1)
  2 hobgoblins (D:1)
  A frilled lizard (D:2)
  A kobold (D:1)
  3 rats (D:1)
21 creatures vanquished.

Notes
Turn   | Place    | Note
-------+----------+-------------------------------------------
     0 | D:1      | Jeffwins the Octopode Fighter began the quest for the Orb.
     0 | D:1      | Reached XP level 1. HP: 16/16 MP: 1/1
    70 | D:1      | Reached XP level 2. HP: 17/21 MP: 2/2
   195 | D:1      | Reached skill level 3 in Long Blades
   594 | D:1      | Reached XP level 3. HP: 26/26 MP: 3/3
   944 | D:2      | Noticed Natasha
   961 | D:2      | Killed Natasha
   961 | D:2      | Reached skill level 4 in Long Blades
   965 | D:2      | Noticed Natasha
   970 | D:2      | Killed Natasha
   970 | D:2      | Reached XP level 4. HP: 22/31 MP: 4/4
   986 | D:2      | Noticed Natasha
   990 | D:2      | Killed from afar by Natasha

Vault maps used:
D:1:      shiori_arrival_elements, serial_co_window_serial, co_window_corner_a,
          co_window_corner_a, co_window_cross_1, co_window_of_opportunity_a,
          co_window_corner_a, co_window_corner_b, co_window_corner_ca,
          co_window_paths_c, co_window_broadway_c, glass_columns_a,
          glass_columns_a, glass_columns_b, glass_columns_a, glass_columns_a
D:2:      uniq_robin, uniq_terence, uniq_natasha

Skill      XL: |  1  2  3 |
---------------+----------+-----
Long Blades    | 3 4 |  4.4
Fighting       | |  3.0
Dodging        | |  3.0
Shields        | |  3.0

Action                   |  1- 3 |  4- 6 || total
-------------------------+-------+-------++-------
Melee: Long sword        |    34 |     1 ||    35
       Constrict         |    10 |       ||    10
       Tentacles         |     7 |       ||     7
 Stab: Sleeping          |     4 |       ||     4
Armor: Skin              |     6 |       ||     6
Dodge: Dodged            |    13 |       ||    13
Block: Shield            |    18 |       ||    18
       Rpst.: Long sword |     5 |       ||     5
